Map: Abandoned Parish

Players

Miltreta - Winner!

  • Race: Terran Terran
  • Spawn Location: 6:00

A.I. 1 (Hard)

  • Race: Zerg Zerg
  • Spawn Location: 12:00

A.I. 2 (Hard)

  • Race: Zerg Zerg
  • Spawn Location: 9:00

A.I. 3 (Hard)

  • Race: Protoss Protoss
  • Spawn Location: 3:00

A.I. 4 (Hard)

  • Race: Zerg Zerg
  • Spawn Location: 12:00

A.I. 5 (Hard) - Winner!

  • Race: Zerg Zerg
  • Spawn Location: 6:00

A.I. 6 (Hard) - Winner!

  • Race: Protoss Protoss
  • Spawn Location: 7:00

A.I. 7 (Hard) - Winner!

  • Race: Protoss Protoss
  • Spawn Location: 3:00

VOD

Have the link to the VOD?

Description

Time

  • Played on: March 3, 2016, 4:24 p.m.
  • Length: 24:11
Show
View Real Time Build Order
Export as new Build Order

Miltreta Terran - Winner!

Build Orders:  

Get SALT Encoding   

  12  0:03  SCV  
  13  0:22  SCV  
  14  0:34  SCV  
  15  0:36  Supply Depot  
  15  1:11  Barracks, Refinery  
  15  1:15  Refinery  
  15  1:16  SCV  
  16  1:26  Supply Depot  
  16  1:29  SCV  
  17  1:41  SCV  
  18  1:53  SCV  
  19  1:54  Engineering Bay  
  19  1:59  Marine  
  20  2:05  SCV  
  20  2:07  Barracks  
  21  2:17  Marine  
  22  2:29  SCV  
  23  2:35  Marine  
  24  2:45  SCV  
  25  2:55  Barracks Reactor  
  25  2:58  Reaper  
  27  3:34  Planetary Fortress  
  27  3:36  Supply Depot  
  27  3:51  Reaper  
  27  3:52  Reaper  
  29  4:02  Barracks Tech Lab  
  28  4:13  Bunker  
  28  4:18  Ghost Academy  
  28  4:23  Marine  
  29  4:24  Marine  
  30  4:37  Marauder  
  32  4:40  Command Center  
  32  4:41  Marine  
  32  4:42  Marine  
  34  4:47  Factory  
  34  4:59  Marine, Marauder  
  37  5:00  Marine  
  38  5:12  Refinery  
  38  5:25  Marauder  
  38  5:46  Marauder  
  39  5:54  Marine x2  
  41  6:07  Marauder  
  43  6:12  Marine x2  
  45  6:29  Marauder  
  45  6:30  Marine x2  
  48  6:43  Concussive Shells  
  48  6:47  Marine  
  48  6:48  Marine  
  48  6:50  Marauder  
  49  7:11  Ghost  
  51  7:28  SCV  
  52  7:37  Factory Tech Lab  
  52  7:40  SCV  
  52  7:41  Stimpack  
  52  7:42  Refinery  
  53  7:46  Personal Cloaking  
  53  8:11  Supply Depot  
  53  8:16  Supply Depot  
  40  9:12  Nuke  
  32  9:28  Hellion  
  32  9:30  Marauder  
  36  9:31  Marine  
  36  9:32  Marine  
  38  9:41  Combat Shields  
  38  9:42  Starport  
  38  9:49  Hellion, Marine x2  
  38  9:51  Marauder  
  33  10:11  Hellion  
  33  10:13  Marauder  
  39  10:29  Marine x2  
  39  10:32  Hellion  
  39  10:34  Marauder  
  42  10:46  Marine x2  
  42  10:49  Viking  
  46  10:53  Hellion  
  46  10:56  Marauder  
  50  11:04  Marine x2  
  52  11:15  Cyclone  
  55  11:19  Viking  
  55  11:22  Marine x2  
  59  11:40  Marine  
  60  11:49  Viking  
  57  12:19  Viking  
  52  12:49  Viking  
  45  13:23  Marine x2  
  49  13:29  Marauder  
  49  13:33  Terran Infantry Weapons Level 1  
  49  13:34  Medivac  
  49  13:41  Marine x2  
  53  13:51  Marauder  
  55  13:58  Marine  
  55  13:59  Marine  
  56  14:04  Medivac  
  48  14:12  Marauder  
  48  14:16  Marine x2  
  44  14:33  Ghost  
  46  14:44  Marine x2  
  48  15:02  Marine x2, Marauder  
  46  15:20  Marine x2  
  48  15:24  Marauder  
  48  15:27  Terran Infantry Armor Level 1  
  50  15:45  Marauder  
  52  16:06  Marauder  
  54  17:12  Supply Depot  
  54  17:15  Supply Depot x2  
  54  17:31  Marauder  
  54  17:33  Marine x2  
  58  17:37  Cyclone  
  59  17:50  Marine  
  59  17:51  Marine  
  61  17:53  Marauder  
  57  18:08  Marine x2  
  57  18:09  Cyclone  
  62  18:14  Marauder  
  64  18:26  Marine x2  
  66  18:35  Marauder  
  68  18:41  Cyclone  
  68  18:44  Marine x2  
  73  18:57  Marauder  
  73  19:02  Marine x2  
  73  19:13  Cyclone  
  67  19:18  Marauder  
  67  19:19  Marine  
  67  19:20  Marine  
  60  19:40  Marauder  
  62  19:45  Cyclone  
  57  20:18  Hellion  
  57  20:21  Armory  
  58  20:30  Factory  
  58  20:34  Factory  
  58  20:39  Hellion  
  60  21:01  Hellion  
  62  21:22  Hellion  
  62  21:24  Marauder  
  66  21:29  Factory Tech Lab  
  66  21:31  Factory Tech Lab  
  66  21:36  Fusion Core  
  66  21:45  Marauder  
  63  22:07  Marauder  
  65  22:23  Thor  
  65  22:27  Thor  
  65  22:28  Marauder  
  79  22:34  Starport  
  79  22:50  Marauder  
  81  22:52  Medivac  
  83  23:22  Medivac  
Show
View Real Time Build Order
Export as new Build Order

A.I. 1 (Hard) Zerg 

Build Orders: Pool First, Muta Ling Bane, Zergling Baneling 

Get SALT Encoding   

  12  0:01  Drone  
  13  0:12  Overlord  
  13  0:17  Drone  
  14  0:30  Drone  
  14  0:32  Drone  
  16  0:44  Spawning Pool  
  16  0:46  Drone  
  16  0:50  Drone  
  16  0:54  Extractor  
  16  0:56  Drone  
  17  1:06  Overlord  
  17  1:31  Zergling x2  
  18  1:32  Queen  
  18  1:35  Zergling x2  
  18  1:38  Drone  
  22  1:40  Roach Warren  
  22  1:45  Extractor  
  20  1:49  Drone  
  21  1:57  Baneling Nest  
  21  2:00  Drone  
  21  2:11  Drone  
  22  2:21  Zergling x2  
  23  2:32  Drone  
  24  2:39  Zergling x2  
  24  2:40  Overlord  
  24  2:44  Zergling x2  
  26  2:48  Zergling x2  
  27  2:52  Baneling  
  27  2:53  Baneling x2  
  27  2:54  Drone, Baneling  
  28  3:05  Zergling x2  
  28  3:11  Overlord, Zergling x2  
  30  3:15  Zergling x2  
  30  3:19  Zergling x2  
  32  3:28  Zergling x2  
  33  3:36  Baneling  
  33  3:38  Zergling x2  
  34  3:43  Baneling  
  34  3:44  Baneling, Zergling x2  
  35  3:49  Baneling, Zergling x2  
  35  3:51  Drone  
  35  3:53  Baneling  
  35  3:54  Zergling x2  
  39  4:02  Zergling x2  
  39  4:03  Evolution Chamber  
  38  4:13  Drone  
  38  4:15  Drone, Overlord  
  40  4:17  Drone  
  41  4:25  Drone  
  42  4:36  Drone  
  43  4:47  Drone  
  44  6:07  Lair  
  44  6:08  Metabolic Boost  
  44  6:09  Overlord  
  44  6:10  Evolution Chamber, Zerg Melee Weapons Level 1  
  43  6:16  Hatchery  
  43  6:18  Drone  
  42  6:36  Zerg Missile Weapons Level 1  
  42  6:39  Zergling x2  
  32  6:45  Zergling x2  
  29  6:52  Zergling x2  
  30  6:59  Baneling, Zergling x2  
  31  7:05  Burrow  
  31  7:06  Zergling x2  
  31  7:07  Centrifical Hooks  
  32  7:08  Spire  
  32  7:12  Zergling x2  
  32  7:19  Baneling  
  32  7:20  Zergling x2  
  33  7:27  Spore Crawler  
  32  7:30  Drone  
  32  7:32  Drone  
  32  7:33  Spore Crawler  
  32  7:34  Drone  
  32  7:36  Drone  
  35  7:39  Drone, Extractor  
  35  7:40  Drone  
  35  7:42  Drone  
  37  7:46  Overseer  
  37  7:49  Drone  
  38  7:53  Drone  
  38  7:57  Drone  
  40  7:59  Drone  
  40  8:02  Drone  
  40  8:04  Zerg Ground Armor Level 1, Drone  
  43  8:07  Drone  
  43  8:10  Drone  
  44  8:13  Drone  
  44  8:16  Drone  
  44  8:19  Drone  
  47  8:20  Mutalisk  
  49  8:29  Zergling x2  
  49  8:31  Drone, Overlord  
  49  8:33  Drone  
  52  8:35  Drone  
  52  8:39  Drone  
  54  8:41  Mutalisk  
  54  8:42  Overseer  
  56  8:51  Mutalisk  
  56  8:53  Spine Crawler  
  57  8:57  Mutalisk  
  57  9:00  Spine Crawler  
  57  9:01  Drone  
  59  9:05  Queen, Mutalisk  
  59  9:07  Spore Crawler  
  61  9:10  Drone  
  61  9:14  Zergling x2  
  61  9:15  Spore Crawler  
  57  9:17  Drone  
  57  9:21  Baneling, Zergling x2  
  59  9:28  Zergling x2  
  59  9:29  Queen  
  62  9:35  Baneling  
  62  9:36  Zergling x2  
  62  9:37  Overlord, Hydralisk Den  
  62  9:41  Drone  
  62  9:44  Zergling x2  
  62  9:45  Spine Crawler  
  63  9:46  Overseer  
  63  9:48  Drone  
  63  9:51  Zergling x2  
  65  9:54  Spine Crawler  
  65  9:56  Drone  
  65  9:58  Mutalisk  
  65  9:59  Infestation Pit  
  66  10:15  Roach  
  66  10:17  Overlord  
  68  10:25  Overseer  
  63  10:32  Overseer  
  63  10:33  Roach  
  63  10:34  Pneumatized Carapace  
  63  10:38  Overlord  
  63  10:40  Roach  
  63  10:45  Hydralisk  
  61  10:50  Infestor  
  61  10:55  Hatchery  
  61  10:56  Roach  
  64  11:01  Roach  
  64  11:02  Overseer  
  64  11:03  Overlord  
  66  11:07  Roach  
  68  11:12  Roach  
  68  11:17  Hydralisk  
  72  11:22  Hydralisk  
  74  11:27  Overlord  
  74  11:32  Infestor  
  73  11:35  Muscular Augments  
  73  11:36  Infestor  
  73  11:38  Extractor  
  74  11:45  Hydralisk  
  76  11:48  Zerg Melee Weapons Level 2  
  76  11:51  Roach  
  78  12:05  Drone  
  79  12:10  Drone  
  79  12:14  Drone  
  81  12:16  Zerg Ground Armor Level 2  
  81  12:17  Drone  
  81  12:21  Drone  
  83  12:23  Drone  
  83  12:25  Drone  
  83  12:28  Drone  
  86  12:31  Overseer  
  86  12:35  Overlord, Extractor  
  85  12:39  Drone  
  85  12:42  Drone  
  84  12:46  Overseer  
  81  12:54  Overlord  
  81  12:55  Drone, Zergling x2  
  81  12:57  Drone  
  83  12:59  Drone  
  83  13:00  Infestor  
  83  13:02  Drone  
  83  13:03  Drone  
  88  13:06  Drone  
  88  13:07  Pathogen Glands  
  88  13:09  Drone, Spore Crawler  
  89  13:15  Drone  
  89  13:18  Overlord  
  79  13:20  Hydralisk  
  79  13:21  Drone  
  79  13:23  Drone  
  79  13:24  Overseer  
  79  13:25  Roach  
  75  13:31  Roach  
  66  13:38  Roach  
  66  13:44  Hydralisk  
  68  13:54  Hive  
  67  14:02  Zergling x2  
  58  15:08  Overlord  
  58  15:15  Hydralisk  
  60  15:25  Hydralisk  
  62  15:39  Hatchery  
  61  15:46  Ultralisk Cavern  
  60  16:12  Overlord  
  60  16:23  Overseer  
  59  16:31  Overlord  
  59  16:33  Ultralisk  
  65  16:41  Ultralisk  
  67  16:47  Ultralisk  
  67  16:48  Overseer  
  67  16:52  Overlord  
  67  16:54  Hydralisk  
  68  16:59  Overlord  
  70  17:06  Overlord  
  70  17:23  Overlord  
  70  17:27  Hatchery  
  69  17:42  Mutalisk  
  71  17:44  Overlord  
  71  17:46  Hydralisk  
  72  17:51  Hydralisk  
  72  17:56  Zergling x2  
  75  18:02  Mutalisk  
  77  18:06  Overlord, Mutalisk  
  77  18:09  Extractor  
  77  18:11  Corruptor  
  80  18:17  Mutalisk  
  82  18:21  Mutalisk  
  84  18:29  Overlord  
  84  18:34  Extractor  
  84  18:36  Mutalisk  
  84  18:56  Corruptor  
  84  19:00  Extractor  
  52  19:15  Mutalisk  
  49  19:18  Drone  
  42  19:33  Mutalisk  
  28  19:49  Drone  
  20  20:39  Roach  
  19  22:18  Drone  
  19  23:03  Hatchery, Drone  
  18  23:28  Queen  
  18  23:32  Drone  
  18  23:33  Hydralisk  
  12  23:37  Hydralisk  
  14  23:42  Zergling x2  
Show
View Real Time Build Order
Export as new Build Order

A.I. 2 (Hard) Zerg 

Build Orders: Pool First, Zergling Baneling 

Get SALT Encoding   

  12  0:01  Drone  
  13  0:12  Overlord  
  13  0:16  Drone  
  14  0:30  Drone  
  14  0:32  Drone  
  16  0:42  Spawning Pool  
  16  0:45  Drone  
  16  0:49  Drone  
  17  0:52  Extractor  
  17  0:55  Drone  
  17  1:06  Overlord  
  17  1:30  Queen  
  17  1:31  Zergling x2  
  20  1:35  Zergling x2  
  20  1:37  Roach Warren  
  20  1:38  Drone  
  21  1:43  Extractor  
  20  1:49  Drone  
  21  1:56  Baneling Nest  
  21  2:00  Drone  
  21  2:10  Drone  
  22  2:21  Zergling x2  
  23  2:32  Drone  
  23  2:37  Overlord, Zergling x2  
  25  2:41  Zergling x2  
  26  2:46  Baneling x2, Zergling x2  
  26  2:51  Baneling x2  
  27  2:55  Drone  
  28  3:05  Zergling x2  
  28  3:11  Zergling x2  
  30  3:15  Zergling x2  
  30  3:18  Overlord  
  30  3:20  Zergling x2  
  30  3:24  Baneling  
  31  3:29  Zergling x2  
  32  3:36  Baneling  
  32  3:40  Baneling  
  32  3:41  Zergling x2  
  33  3:45  Zergling x2  
  34  3:50  Baneling  
  34  3:51  Zergling x2  
  34  3:52  Evolution Chamber  
  34  3:55  Baneling  
  34  3:57  Baneling, Zergling x2  
  36  4:02  Drone  
  36  4:12  Drone, Zergling x2  
  36  4:15  Drone  
  39  4:17  Drone  
  40  4:25  Zergling x2  
  41  4:36  Drone  
  41  4:38  Baneling  
  41  4:44  Drone, Overlord  
  42  4:46  Drone  
  43  6:01  Roach  
  43  6:02  Metabolic Boost, Overlord  
  43  6:03  Zerg Melee Weapons Level 1  
  45  6:05  Lair  
  45  6:10  Roach  
  45  6:12  Hatchery  
  38  6:19  Evolution Chamber, Roach  
  39  6:28  Drone, Roach  
  38  6:37  Roach  
  35  6:44  Zerg Ground Armor Level 1  
  35  6:46  Zergling x2  
  36  6:55  Roach  
  38  7:04  Burrow, Roach  
  38  7:06  Centrifical Hooks  
  40  7:13  Roach  
  42  7:20  Hydralisk Den  
  42  7:22  Roach, Overseer  
  43  7:24  Overseer  
  43  7:28  Drone  
  44  7:30  Drone  
  44  7:31  Roach  
  44  7:32  Drone  
  44  7:34  Drone  
  44  7:36  Extractor  
  48  7:38  Drone  
  48  7:40  Roach  
  48  7:43  Drone  
  52  7:47  Drone  
  52  7:48  Hydralisk  
  55  7:54  Drone  
  55  7:57  Drone  
  55  7:58  Hydralisk, Zerg Missile Weapons Level 1, Overlord  
  59  8:01  Drone  
  59  8:07  Drone, Hydralisk  
  62  8:15  Muscular Augments  
  62  8:18  Drone  
  62  8:19  Drone  
  64  8:26  Drone, Hydralisk  
  67  8:28  Drone  
  67  8:30  Overlord  
  67  8:32  Drone  
  69  8:40  Drone  
  70  8:42  Drone  
  71  8:50  Drone  
  71  8:52  Drone, Spore Crawler  
  72  8:58  Drone, Spore Crawler, Zergling x2  
  72  8:59  Roach  
  72  9:01  Drone  
  74  9:02  Drone  
  74  9:05  Drone, Spore Crawler  
  74  9:09  Spore Crawler  
  73  9:12  Queen  
  73  9:13  Overlord  
  71  9:17  Drone  
  71  9:23  Roach  
  72  9:33  Roach  
  72  9:37  Spine Crawler  
  61  9:42  Roach  
  61  9:45  Spine Crawler  
  54  9:51  Roach  
  56  9:56  Overlord  
  56  10:00  Roach  
  58  10:08  Roach  
  58  10:09  Overseer  
  58  10:11  Overseer  
  60  10:15  Queen  
  60  10:17  Hydralisk  
  60  10:20  Overlord  
  64  10:23  Roach  
  64  10:24  Pneumatized Carapace  
  66  10:30  Roach  
  66  10:33  Overseer  
  66  10:35  Roach  
  70  10:39  Roach  
  72  10:44  Hydralisk  
  72  10:46  Overlord  
  72  10:49  Zerg Melee Weapons Level 2, Hydralisk  
  74  10:55  Hydralisk  
  78  11:00  Zerg Ground Armor Level 2  
  78  11:05  Hydralisk  
  79  11:11  Zergling x2  
  79  11:15  Infestation Pit  
  79  11:26  Glial Reconstitution  
  79  11:27  Extractor  
  78  11:36  Hydralisk  
  76  11:44  Roach  
  78  11:50  Spire  
  78  11:53  Drone  
  78  11:55  Infestor  
  78  12:01  Hydralisk  
  78  12:08  Zergling x2  
  78  12:13  Hydralisk  
  70  12:19  Roach  
  58  12:24  Roach  
  56  12:30  Roach  
  56  12:35  Roach  
  58  12:38  Overseer  
  58  12:40  Hydralisk  
  58  12:43  Overlord  
  60  12:48  Roach  
  62  12:53  Hydralisk  
  64  12:59  Roach  
  64  13:02  Overlord  
  66  13:06  Roach  
  66  13:08  Zerg Missile Weapons Level 2, Zerg Flyer Weapons Level 1  
  66  13:10  Roach  
  70  13:18  Roach  
  72  13:23  Roach  
  72  13:25  Pathogen Glands  
  72  13:26  Hydralisk  
  74  13:33  Hydralisk  
  76  13:39  Hydralisk  
  76  13:40  Overlord  
  80  13:42  Overseer  
  80  13:47  Roach  
  82  13:50  Roach  
  82  13:51  Hydralisk  
  84  14:00  Roach  
  83  14:03  Overlord  
  83  14:08  Zergling x2  
  78  14:11  Infestor  
  78  14:15  Roach  
  72  14:19  Roach  
  72  14:22  Roach  
  70  14:27  Hydralisk  
  70  14:30  Roach  
  66  14:36  Hydralisk  
  68  14:45  Hydralisk  
  70  14:54  Hydralisk  
  70  14:59  Roach  
  74  15:02  Zerg Flyer Armor Level 1  
  74  15:06  Roach  
  76  15:09  Roach  
  80  15:14  Roach  
  80  15:17  Roach  
  80  15:18  Overlord  
  77  15:21  Zergling x2  
  74  15:29  Hydralisk  
  74  15:54  Infestor  
  76  16:02  Roach  
  74  16:05  Roach  
  74  16:10  Roach  
  68  16:14  Roach  
  66  16:18  Roach  
  60  16:28  Hydralisk  
  60  16:31  Zergling x2  
  62  16:36  Roach  
  65  16:40  Roach  
  65  16:43  Roach  
  65  16:46  Roach  
  67  16:51  Roach  
  67  17:00  Hydralisk  
  63  17:07  Roach  
  60  17:11  Zergling x2  
  60  17:14  Hydralisk  
  63  17:28  Hydralisk  
  63  17:40  Overlord  
  62  17:44  Zergling x2  
  62  17:49  Roach  
  55  17:54  Roach  
  55  17:55  Overseer  
  55  17:58  Roach  
  53  18:02  Roach  
  55  18:06  Roach  
  55  18:10  Roach  
  55  18:11  Overlord  
  59  18:13  Hydralisk  
  59  18:19  Hydralisk  
  61  18:26  Zergling x2  
  55  18:28  Overseer  
  55  18:32  Roach  
  53  18:36  Roach  
  53  18:41  Roach  
  53  18:46  Roach  
  55  18:49  Overlord  
  55  18:51  Roach  
  54  18:57  Zergling x2  
  51  19:06  Hydralisk  
  51  19:18  Roach  
  38  20:15  Roach  
Show
View Real Time Build Order
Export as new Build Order

A.I. 3 (Hard) Protoss 

Build Orders:  

Get SALT Encoding   

  12  0:01  Probe (Chrono Boost)  
  13  0:12  Probe (Chrono Boost)  
  14  0:20  Pylon  
  14  0:22  Probe (Chrono Boost)  
  15  0:39  Probe (Chrono Boost)  
  16  0:47  Assimilator  
  16  0:49  Probe (Chrono Boost)  
  17  0:50  Gateway  
  17  1:00  Probe (Chrono Boost), Pylon  
  18  1:10  Probe (Chrono Boost)  
  19  1:21  Probe (Chrono Boost)  
  20  1:35  Zealot  
  22  1:40  Gateway  
  22  1:42  Cybernetics Core  
  22  1:45  Assimilator  
  22  2:01  Pylon, Zealot  
  24  2:14  Warp Gate  
  24  2:27  Stalker  
  26  2:31  Stalker  
  28  2:46  Pylon  
  28  2:55  Stalker  
  28  2:56  Probe (Chrono Boost)  
  31  2:59  Stalker  
  33  3:08  Probe (Chrono Boost)  
  34  3:15  Forge  
  34  3:19  Probe (Chrono Boost)  
  35  3:24  Stalker  
  37  3:29  Adept  
  37  3:31  Probe (Chrono Boost)  
  40  3:36  Pylon  
  40  3:43  Probe (Chrono Boost)  
  41  3:55  Probe (Chrono Boost)  
  42  4:50  Probe (Chrono Boost)  
  42  5:04  Protoss Ground Weapons Level 1  
  42  5:07  Sentry  
  42  5:11  Gateway  
  42  5:13  Robotics Facility  
  44  5:17  Photon Cannon  
  44  5:18  Zealot  
  46  5:23  Pylon  
  46  5:24  Nexus  
  46  5:27  Photon Cannon  
  46  5:29  Zealot  
  46  5:32  Stargate  
  48  5:40  Sentry  
  40  5:50  Adept  
  42  6:01  Stalker, Observer  
  45  6:11  Stalker  
  47  6:21  Observer, Twilight Council  
  47  6:22  Adept  
  50  6:30  Forge  
  50  6:33  Zealot  
  50  6:38  Probe (Chrono Boost)  
  54  6:40  Probe (Chrono Boost)  
  54  6:44  Zealot  
  56  6:47  Protoss Ground Armor Level 1  
  56  6:49  Pylon  
  56  6:50  Probe (Chrono Boost)  
  57  6:55  Pylon  
  57  6:56  Probe (Chrono Boost)  
  59  7:01  Probe (Chrono Boost)  
  59  7:07  Probe (Chrono Boost)  
  60  7:12  Probe (Chrono Boost)  
  61  7:18  Probe (Chrono Boost)  
  63  7:23  Probe (Chrono Boost)  
  63  7:27  Photon Cannon  
  63  7:29  Probe (Chrono Boost)  
  64  7:34  Probe (Chrono Boost), Photon Cannon  
  65  7:40  Probe (Chrono Boost)  
  66  7:45  Probe (Chrono Boost)  
  68  7:51  Probe (Chrono Boost)  
  68  7:56  Probe (Chrono Boost)  
  69  8:08  Assimilator  
  69  8:13  Assimilator  
  69  8:31  Probe (Chrono Boost)  
  70  8:37  Probe (Chrono Boost)  
  72  8:41  Probe (Chrono Boost)  
  72  8:47  Probe (Chrono Boost)  
  73  9:14  Zealot  
  71  9:18  Warp Prism  
  69  9:24  Zealot  
  61  9:33  Phoenix  
  54  9:39  Pylon  
  54  9:43  Gateway  
  54  9:46  Stalker  
  54  9:48  Robotics Facility  
  54  9:52  Observer  
  56  9:56  Phoenix  
  56  9:59  Stargate  
  59  10:03  Nexus  
  59  10:07  Stalker  
  59  10:10  Warp Prism  
  59  10:13  Robotics Bay  
  63  10:17  Stalker  
  65  10:28  Stalker  
  65  10:32  Protoss Ground Weapons Level 2  
  65  10:35  Protoss Ground Armor Level 2, Observer  
  67  10:40  Sentry  
  70  10:44  Warp Prism  
  72  10:50  Pylon  
  72  10:53  Immortal  
  77  11:19  Probe (Chrono Boost)  
  77  11:22  Probe (Chrono Boost)  
  77  11:23  Probe (Chrono Boost)  
  82  11:27  Observer Gravitic Boosters  
  82  11:29  Probe (Chrono Boost), Immortal  
  88  11:34  Probe (Chrono Boost)  
  88  11:37  Probe (Chrono Boost)  
  88  11:39  Disruptor  
  90  11:40  Probe (Chrono Boost)  
  90  11:46  Probe (Chrono Boost)  
  91  11:49  Probe (Chrono Boost)  
  91  11:52  Probe (Chrono Boost)  
  93  11:57  Probe (Chrono Boost)  
  93  11:58  Protoss Air Weapons Level 1  
  94  12:03  Pylon  
  94  12:07  Disruptor  
  97  12:20  Gravitic Drive  
  97  12:21  Assimilator  
  97  12:42  Pylon  
  97  12:47  Protoss Shields Level 1  
  93  12:53  Stalker  
  83  13:02  Zealot  
  72  13:10  Zealot  
  72  13:12  Assimilator  
  65  13:14  Zealot  
  65  13:18  Zealot  
  69  13:21  Void Ray  
  73  13:27  Zealot  
  73  13:30  Void Ray  
  78  13:36  Zealot  
  78  13:40  Warp Prism, Zealot  
  76  13:45  Zealot  
  76  13:47  Observer  
  75  13:52  Zealot  
  71  13:56  Zealot  
  71  14:01  Zealot  
  71  14:06  Zealot  
  71  14:07  Void Ray  
  71  14:09  Observer  
  74  14:13  Dark Shrine, Warp Prism  
  80  14:20  Stalker  
  81  14:26  Phoenix  
  81  14:27  Warp Prism  
  80  14:31  Assimilator  
  80  14:37  Stalker  
  72  14:46  Stalker  
  72  14:48  Oracle  
  72  14:49  Observer  
  67  14:53  Sentry  
  66  15:02  Observer  
  66  15:05  Stalker  
  69  15:09  Observer  
  69  15:12  Stalker  
  72  15:19  Warp Prism  
  72  15:23  Zealot  
  76  15:31  Zealot  
  78  15:40  Colossus  
  78  15:41  Protoss Shields Level 2  
  84  16:04  Protoss Air Armor Level 1  
  84  16:08  Stalker  
  77  16:16  Zealot  
  65  16:23  Zealot  
  65  16:25  Observer  
  47  16:31  Stalker  
  50  16:36  Probe (Chrono Boost)  
  51  16:40  Probe (Chrono Boost)  
  51  16:41  Stalker  
  40  16:47  Probe (Chrono Boost), Zealot  
  40  16:50  Warp Prism  
  40  16:51  Zealot  
  40  16:52  Probe (Chrono Boost), Warp Prism  
  38  16:58  Stalker  
  38  16:59  Probe (Chrono Boost)  
  37  17:05  Zealot  
  37  17:08  Void Ray  
  37  17:14  Zealot  
  43  17:18  Zealot  
  45  17:25  Immortal  
  45  17:27  Observer  
  50  17:30  Stalker  
  52  17:40  Sentry  
  46  17:47  Stalker, Warp Prism  
  50  17:54  Stalker  
  52  18:00  Zealot  
  54  18:07  Adept  
  56  18:14  Stalker  
  58  18:20  Stalker  
  58  18:26  Stalker  
  62  18:32  Stalker  
  64  18:38  Sentry  
  64  18:45  Adept  
  48  18:52  Zealot  
  40  18:59  Zealot  
  42  19:05  Zealot  
  42  19:07  Colossus  
  44  19:18  Stalker  
  46  19:24  Stalker  
  46  19:29  Observer  
  45  19:31  Sentry  
  38  19:38  Adept  
  38  19:45  Stalker  
  36  19:51  Zealot  
  36  19:55  Stalker  
  38  20:02  Zealot  
  38  20:07  Stalker  
  29  20:46  Zealot  
  22  21:48  Pylon  
Show
View Real Time Build Order
Export as new Build Order

A.I. 4 (Hard) Zerg 

Build Orders: Pool First 

Get SALT Encoding   

  12  0:01  Drone  
  13  0:12  Overlord  
  13  0:17  Drone  
  14  0:31  Drone  
  14  0:32  Drone  
  16  0:44  Spawning Pool  
  16  0:46  Drone  
  16  0:50  Drone  
  16  0:54  Extractor  
  16  0:56  Drone  
  17  1:06  Overlord  
  17  1:31  Zergling x2  
  18  1:32  Queen  
  18  1:38  Drone, Zergling x2  
  22  1:40  Roach Warren  
  22  1:42  Extractor  
  20  1:49  Drone  
  21  2:00  Drone  
  22  2:12  Drone  
  23  2:21  Overlord  
  23  2:32  Drone  
  24  2:39  Roach  
  24  2:43  Overlord  
  26  2:46  Roach  
  26  2:49  Drone  
  29  2:55  Roach  
  31  3:02  Baneling Nest  
  30  3:05  Drone  
  30  3:11  Drone  
  30  3:12  Evolution Chamber, Roach  
  33  3:14  Drone  
  33  3:17  Drone  
  33  3:19  Ravager x2  
  37  3:28  Roach  
  39  3:38  Roach  
  41  3:43  Drone, Overlord  
  41  3:45  Drone  
  43  3:50  Drone  
  43  4:17  Zergling x2  
  44  4:45  Lair  
  44  4:47  Overlord, Zerg Melee Weapons Level 1  
  44  4:49  Evolution Chamber  
  43  4:53  Drone  
  44  5:13  Roach  
  46  5:15  Zerg Missile Weapons Level 1  
  46  5:18  Hatchery  
  43  5:22  Roach  
  43  5:27  Drone  
  35  5:32  Roach  
  34  5:40  Roach  
  36  5:44  Burrow  
  36  5:47  Hydralisk Den, Zergling x2  
  36  5:56  Roach  
  38  6:03  Roach  
  40  6:12  Roach, Overseer  
  42  6:20  Roach  
  42  6:21  Overseer  
  44  6:28  Hydralisk  
  44  6:31  Drone  
  47  6:33  Drone  
  47  6:35  Drone  
  47  6:37  Hydralisk  
  47  6:38  Drone  
  52  6:40  Extractor  
  52  6:41  Zerg Ground Armor Level 1  
  52  6:42  Drone  
  52  6:45  Spore Crawler  
  52  6:46  Hydralisk  
  51  6:49  Spore Crawler  
  51  6:51  Drone  
  54  6:54  Drone  
  54  6:55  Hydralisk  
  54  6:56  Drone  
  54  6:57  Drone  
  58  7:03  Drone  
  58  7:06  Drone  
  57  7:13  Muscular Augments  
  57  7:14  Drone  
  58  7:18  Drone  
  59  7:24  Zergling x2  
  59  7:25  Drone, Overlord  
  59  7:28  Drone  
  62  7:30  Drone  
  62  7:34  Drone  
  64  7:39  Drone  
  65  7:45  Drone  
  65  7:48  Spine Crawler  
  65  7:50  Drone  
  66  7:56  Drone  
  66  7:57  Spine Crawler  
  66  7:58  Roach  
  66  8:00  Overlord  
  66  8:01  Drone  
  66  8:02  Spore Crawler  
  66  8:03  Drone  
  69  8:06  Drone  
  70  8:14  Drone  
  70  8:15  Queen  
  70  8:17  Spore Crawler  
  70  8:18  Drone  
  73  8:23  Queen  
  75  8:27  Overlord  
  75  8:35  Infestation Pit  
  74  8:47  Spire  
  73  8:49  Hatchery  
  71  8:59  Roach  
  71  9:13  Hive  
  67  9:26  Infestor  
  67  9:28  Hydralisk  
  69  9:35  Extractor  
  69  9:36  Zergling x2  
  69  9:37  Pneumatized Carapace  
  65  9:53  Overseer  
  59  10:00  Corruptor  
  59  10:03  Drone  
  58  10:08  Drone  
  58  10:11  Drone  
  54  10:16  Drone  
  54  10:18  Overseer  
  56  10:21  Drone  
  56  10:22  Extractor  
  56  10:23  Drone  
  56  10:25  Hatchery  
  56  10:27  Greater Spire  
  55  10:33  Extractor  
  55  10:34  Drone  
  55  10:37  Drone  
  55  10:39  Drone  
  55  10:42  Drone, Corruptor  
  58  10:46  Drone  
  58  10:47  Drone  
  58  10:49  Drone  
  63  10:52  Drone  
  63  10:55  Corruptor  
  66  10:57  Drone  
  66  11:00  Drone  
  66  11:02  Drone  
  66  11:04  Drone  
  70  11:06  Infestor  
  70  11:07  Drone  
  70  11:08  Overlord  
  70  11:10  Drone  
  74  11:13  Drone  
  74  11:15  Drone  
  74  11:16  Drone  
  77  11:21  Zerg Melee Weapons Level 2  
  77  11:32  Zergling x2  
  77  11:33  Zerg Ground Armor Level 2  
  75  11:45  Infestor  
  77  11:52  Overseer  
  75  11:57  Corruptor  
  75  12:00  Overlord  
  77  12:03  Zergling x2  
  77  12:05  Spine Crawler  
  77  12:08  Zergling x2  
  77  12:11  Overseer  
  77  12:13  Roach, Spine Crawler  
  76  12:19  Overlord  
  75  12:23  Drone  
  75  12:24  Spore Crawler  
  75  12:26  Drone  
  75  12:27  Infestor  
  77  12:31  Drone  
  77  12:33  Queen  
  77  12:34  Drone  
  77  12:36  Spore Crawler  
  77  12:37  Roach, Pathogen Glands  
  78  12:38  Overlord  
  78  12:40  Zerg Flyer Weapons Level 1  
  78  12:41  Ravager  
  78  12:42  Hydralisk  
  80  12:46  Roach  
  80  12:50  Roach  
  84  12:53  Roach  
  84  12:57  Hydralisk  
  88  12:59  Overlord  
  88  13:01  Hydralisk  
  88  13:05  Roach  
  92  13:10  Roach  
  92  13:11  Glial Reconstitution  
  94  13:14  Roach  
  94  13:18  Roach  
  94  13:19  Overlord  
  97  13:28  Hydralisk  
  97  13:30  Drone  
  99  13:37  Hydralisk  
  99  13:40  Drone  
  102  13:43  Hydralisk  
  102  13:46  Overlord  
  95  13:49  Drone, Zergling x2  
  95  13:54  Roach  
  91  13:58  Zerg Missile Weapons Level 2  
  91  14:02  Roach  
  83  14:07  Roach  
  81  14:12  Roach  
  81  14:15  Overlord  
  81  14:17  Hydralisk  
  81  14:23  Hydralisk  
  85  14:25  Spine Crawler  
  85  14:27  Roach  
  85  14:29  Overseer  
  85  14:31  Overseer  
  86  14:32  Roach  
  86  14:35  Spine Crawler  
  86  14:36  Overlord, Roach  
  89  14:39  Hydralisk  
  89  14:43  Roach  
  93  14:47  Zerg Melee Weapons Level 3  
  93  14:48  Ravager  
  93  14:50  Ravager  
  95  14:55  Roach  
  95  14:57  Overlord  
  95  14:58  Roach  
  99  15:02  Hydralisk  
  99  15:03  Tunneling Claws  
  98  15:09  Overseer  
  98  15:13  Zergling x2  
  91  15:18  Roach  
  93  15:21  Overlord  
  93  15:24  Roach  
  93  15:27  Zerg Flyer Armor Level 1  
  95  15:31  Roach  
  97  15:38  Hydralisk  
  99  15:43  Overlord  
  99  15:48  Hydralisk  
  101  15:58  Infestor  
  101  16:00  Roach  
  98  16:05  Zergling x2  
  98  16:08  Overlord, Ultralisk Cavern  
  92  16:17  Ravager  
  83  16:23  Zerg Ground Armor Level 3  
  79  16:29  Hydralisk  
  81  16:33  Overseer  
  80  16:45  Overlord  
  80  16:55  Ultralisk  
  86  17:02  Ultralisk  
  86  17:06  Overlord  
  86  17:08  Queen  
  90  17:11  Ultralisk  
  86  17:16  Overseer  
  86  17:20  Zergling x2  
  78  17:26  Zergling x2  
  78  17:28  Drone x2  
  78  17:29  Overseer  
  73  17:31  Roach  
  73  17:32  Overlord  
  74  17:43  Zergling x2  
  74  17:51  Hydralisk  
  71  17:57  Spore Crawler  
  68  17:58  Hydralisk  
  68  18:03  Overlord  
  62  18:07  Hydralisk  
  53  18:18  Ultralisk  
  55  18:20  Overseer  
  55  18:25  Ultralisk  
  55  18:27  Overseer  
  56  18:31  Drone  
  56  18:33  Hatchery, Zergling x2  
  46  18:37  Drone  
  46  18:39  Drone  
  46  18:40  Hydralisk  
  44  18:42  Drone  
  44  18:43  Overlord  
  44  18:44  Drone  
  45  19:00  Extractor  
  41  19:04  Zergling x2  
  41  19:09  Ultralisk  
  42  19:14  Zergling x2  
  42  19:15  Overlord  
  42  19:17  Zergling x2  
  35  19:32  Zergling x2  
  35  19:36  Overlord  
  36  19:45  Zergling x2  
  37  19:49  Mutalisk  
  39  19:53  Mutalisk  
  39  19:58  Overlord  
  40  20:10  Drone  
  40  20:15  Drone x2  
  39  20:24  Zergling x2  
  28  20:28  Zergling x2  
  28  20:30  Drone  
  28  20:31  Drone x2, Zergling x2  
  22  20:43  Drone  
  14  20:57  Drone  
  14  20:58  Baneling  
  14  20:59  Baneling  
  11  21:15  Drone  
  11  21:17  Drone  
  11  21:18  Drone x2  
  5  21:27  Drone  
  2  21:53  Drone  
  2  21:54  Drone  
Show
View Real Time Build Order
Export as new Build Order

A.I. 5 (Hard) Zerg - Winner!

Build Orders: Pool First 

Get SALT Encoding   

  12  0:01  Drone  
  13  0:12  Overlord  
  13  0:17  Drone  
  14  0:30  Drone  
  14  0:32  Drone  
  16  0:46  Spawning Pool  
  16  0:47  Drone  
  16  0:51  Drone  
  16  0:54  Extractor  
  17  0:57  Drone  
  17  1:06  Overlord  
  17  1:34  Queen  
  17  1:35  Zergling x2  
  17  1:38  Drone  
  21  1:41  Zergling x2  
  22  1:47  Roach Warren  
  22  1:49  Extractor  
  22  1:51  Drone  
  21  2:00  Drone  
  22  2:14  Drone  
  23  2:24  Overlord  
  23  2:32  Drone  
  24  2:41  Roach  
  26  2:47  Roach  
  26  2:51  Overlord  
  28  2:54  Roach  
  30  3:00  Roach  
  32  3:09  Roach  
  34  3:15  Roach  
  35  3:22  Roach  
  35  3:25  Overlord  
  37  3:29  Zergling x2  
  37  3:34  Drone  
  39  3:42  Baneling Nest  
  39  3:44  Roach  
  39  3:45  Drone  
  39  3:48  Drone  
  42  3:49  Drone  
  43  3:56  Drone  
  43  4:02  Evolution Chamber  
  43  4:07  Drone  
  44  4:17  Drone  
  44  4:19  Drone  
  46  4:57  Overlord, Lair  
  46  4:58  Zerg Melee Weapons Level 1  
  46  5:01  Evolution Chamber  
  46  5:03  Drone  
  45  5:23  Zergling x2  
  45  5:27  Zerg Missile Weapons Level 1  
  43  5:31  Roach  
  45  5:42  Hatchery  
  42  5:54  Burrow  
  42  5:57  Hydralisk Den  
  42  5:59  Drone  
  42  6:03  Drone  
  43  6:07  Roach  
  43  6:09  Overseer  
  45  6:13  Overseer  
  45  6:21  Spore Crawler  
  44  6:26  Hydralisk  
  44  6:28  Spore Crawler  
  44  6:29  Drone  
  46  6:34  Hydralisk  
  48  6:42  Hydralisk  
  48  6:45  Drone, Infestation Pit  
  50  6:50  Hydralisk  
  50  6:53  Zerg Ground Armor Level 1  
  52  6:54  Queen  
  52  6:56  Muscular Augments  
  52  6:58  Drone  
  52  7:00  Drone  
  56  7:04  Drone  
  56  7:07  Drone  
  58  7:12  Drone  
  59  7:16  Drone  
  59  7:19  Drone  
  59  7:22  Drone  
  58  7:25  Drone  
  58  7:27  Drone  
  60  7:30  Drone  
  60  7:34  Overlord  
  60  7:37  Drone  
  62  7:39  Drone  
  62  7:41  Drone  
  62  7:43  Drone  
  65  7:46  Roach  
  67  7:55  Roach  
  67  7:56  Spine Crawler  
  67  7:57  Overlord  
  68  8:03  Spine Crawler  
  67  8:08  Queen, Spore Crawler  
  68  8:15  Spore Crawler  
  68  8:18  Spire  
  66  8:36  Extractor  
  66  8:39  Extractor  
  64  8:41  Drone  
  64  8:45  Spine Crawler  
  64  8:46  Drone  
  65  8:51  Zergling x2  
  65  8:52  Spine Crawler  
  65  8:58  Overlord, Zergling x2  
  65  9:01  Overseer  
  65  9:02  Hatchery, Zergling x2  
  65  9:10  Baneling  
  65  9:12  Zergling x2  
  65  9:15  Pneumatized Carapace, Roach  
  60  9:23  Zergling x2  
  59  9:29  Zergling x2  
  58  9:33  Overseer  
  58  9:38  Zergling x2  
  58  9:40  Overlord  
  58  9:44  Zergling x2  
  59  9:50  Zergling x2  
  60  9:56  Zergling x2  
  60  10:03  Mutalisk  
  60  10:08  Mutalisk  
  60  10:11  Overlord  
  60  10:13  Mutalisk  
  64  10:20  Baneling  
  64  10:22  Zergling x2  
  64  10:27  Zergling x2  
  66  10:30  Hive  
  66  10:32  Mutalisk  
  66  10:37  Drone  
  66  10:40  Mutalisk  
  69  10:45  Drone  
  69  10:49  Zergling x2  
  70  10:52  Drone  
  70  10:53  Mutalisk  
  70  10:55  Drone  
  74  10:58  Drone  
  74  11:01  Mutalisk  
  74  11:02  Drone  
  74  11:04  Drone  
  79  11:05  Metabolic Boost  
  79  11:09  Mutalisk  
  81  11:12  Drone  
  81  11:16  Drone  
  83  11:20  Drone  
  83  11:22  Overlord  
  83  11:23  Drone  
  83  11:25  Drone  
  86  11:27  Drone  
  86  11:32  Drone  
  81  11:36  Mutalisk  
  81  11:38  Zerg Melee Weapons Level 2  
  71  11:41  Zergling x2  
  71  11:44  Viper  
  67  11:47  Overseer, Zergling x2  
  67  11:52  Overlord, Zergling x2  
  69  11:56  Zergling x2  
  69  11:59  Drone  
  69  12:01  Zergling x2  
  72  12:04  Drone  
  72  12:06  Zergling x2  
  74  12:11  Drone  
  74  12:14  Extractor  
  74  12:19  Zergling x2  
  74  12:20  Extractor  
  74  12:27  Overlord  
  74  12:34  Mutalisk  
  74  12:36  Spore Crawler  
  75  12:42  Drone  
  76  12:45  Baneling  
  76  12:47  Mutalisk  
  76  12:49  Drone  
  76  12:50  Overlord  
  79  12:52  Mutalisk  
  79  12:56  Roach  
  83  12:59  Zerg Ground Armor Level 2  
  83  13:01  Roach  
  83  13:03  Overseer  
  83  13:05  Roach  
  87  13:08  Hydralisk  
  87  13:09  Overlord  
  89  13:13  Roach  
  89  13:16  Roach  
  89  13:19  Roach  
  95  13:22  Hydralisk  
  97  13:28  Hydralisk  
  97  13:29  Overlord  
  99  13:34  Overseer  
  98  13:45  Roach  
  93  13:50  Zergling x2  
  93  13:55  Overlord  
  90  13:58  Infestor  
  92  14:03  Zerg Missile Weapons Level 2  
  92  14:05  Roach  
  92  14:07  Glial Reconstitution  
  92  14:08  Roach  
  96  14:11  Pathogen Glands  
  96  14:13  Roach  
  96  14:15  Overlord  
  98  14:21  Roach  
  98  14:22  Zerg Flyer Weapons Level 1  
  100  14:25  Roach  
  100  14:30  Roach  
  100  14:32  Hydralisk  
  100  14:36  Hydralisk  
  104  14:38  Overlord  
  104  14:39  Hydralisk  
  104  14:43  Roach  
  108  14:47  Roach  
  108  14:51  Infestor  
  118  15:00  Overlord  
  118  15:10  Queen  
  118  15:11  Overseer  
  120  15:15  Zerg Melee Weapons Level 3  
  120  15:16  Spore Crawler  
  120  15:19  Overlord  
  119  15:49  Spine Crawler  
  118  15:53  Overlord  
  118  15:59  Zergling x2  
  118  16:03  Spine Crawler  
  91  16:18  Roach  
  85  16:20  Zerg Ground Armor Level 3, Ultralisk Cavern  
  85  16:25  Roach  
  84  16:31  Roach  
  86  16:39  Roach  
  88  16:45  Infestor  
  90  16:52  Hydralisk  
  86  17:08  Ultralisk  
  92  17:15  Ultralisk  
  98  17:18  Zerg Flyer Armor Level 1  
  98  17:23  Ultralisk  
  110  17:30  Ultralisk  
  110  17:48  Chitinous Plating  
  110  17:52  Zerg Missile Weapons Level 3  
  110  18:02  Tunneling Claws  
  106  18:47  Roach  
  96  18:55  Roach  
  98  19:02  Roach  
  85  19:11  Roach  
  85  19:12  Zerg Flyer Weapons Level 2  
  87  19:18  Zergling x2  
  88  19:24  Hydralisk  
  90  19:32  Hydralisk  
  92  19:40  Roach  
  94  19:48  Hydralisk  
  96  19:54  Viper  
  96  19:56  Infestor  
  101  20:05  Ultralisk  
  107  20:14  Swarm Host  
  110  20:25  Corruptor  
  112  21:30  Greater Spire  
  112  21:50  Corruptor  
  114  22:07  Corruptor  
  116  22:12  Hydralisk  
  116  22:46  Brood Lord  
  116  22:47  Corruptor  
  116  22:49  Overlord  
  120  23:02  Brood Lord  
  120  23:03  Corruptor  
  124  23:18  Corruptor, Brood Lord  
  128  23:26  Zergling x2  
  128  23:34  Brood Lord  
  128  23:35  Corruptor  
  128  23:36  Overlord  
Show
View Real Time Build Order
Export as new Build Order

A.I. 6 (Hard) Protoss - Winner!

Build Orders:  

Get SALT Encoding   

  12  0:01  Probe (Chrono Boost)  
  13  0:12  Probe (Chrono Boost)  
  14  0:20  Pylon  
  14  0:22  Probe (Chrono Boost)  
  15  0:38  Probe (Chrono Boost)  
  15  0:42  Gateway  
  16  0:48  Assimilator  
  16  0:49  Probe (Chrono Boost)  
  17  0:59  Probe (Chrono Boost)  
  17  1:01  Pylon  
  18  1:10  Probe (Chrono Boost)  
  19  1:23  Probe (Chrono Boost)  
  20  1:27  Zealot  
  20  1:31  Cybernetics Core  
  22  1:47  Gateway  
  22  1:51  Assimilator  
  22  2:05  Pylon, Stalker  
  24  2:14  Warp Gate  
  24  2:33  Adept  
  26  2:38  Adept  
  28  2:49  Pylon  
  28  3:00  Adept  
  28  3:04  Adept  
  33  3:14  Probe (Chrono Boost)  
  33  3:24  Pylon  
  33  3:25  Probe (Chrono Boost), Adept  
  36  3:31  Zealot  
  38  3:37  Probe (Chrono Boost)  
  39  3:46  Forge  
  40  3:49  Probe (Chrono Boost)  
  40  3:51  Adept  
  42  3:57  Adept  
  42  4:00  Probe (Chrono Boost)  
  45  4:12  Probe (Chrono Boost)  
  45  4:53  Probe (Chrono Boost)  
  46  5:02  Protoss Ground Weapons Level 1  
  46  5:04  Sentry  
  48  5:07  Gateway  
  48  5:13  Pylon, Sentry  
  50  5:15  Robotics Facility  
  50  5:21  Photon Cannon  
  50  5:26  Stalker  
  50  5:27  Photon Cannon  
  52  5:29  Nexus  
  52  5:36  Stalker  
  54  5:56  Stargate  
  54  6:01  Observer  
  55  6:05  Twilight Council  
  55  6:15  Adept  
  43  6:22  Observer  
  43  6:25  Adept  
  40  6:34  Zealot  
  42  6:44  Probe (Chrono Boost), Adept  
  42  6:46  Probe (Chrono Boost)  
  46  6:47  Protoss Ground Armor Level 1  
  46  6:54  Zealot  
  48  6:55  Probe (Chrono Boost)  
  48  6:57  Probe (Chrono Boost)  
  50  7:03  Adept  
  50  7:07  Probe (Chrono Boost)  
  54  7:09  Probe (Chrono Boost)  
  54  7:12  Adept  
  56  7:18  Probe (Chrono Boost)  
  56  7:21  Probe (Chrono Boost)  
  58  7:23  Adept  
  58  7:29  Probe (Chrono Boost)  
  61  7:32  Probe (Chrono Boost), Stalker  
  61  7:34  Pylon  
  64  7:40  Pylon, Probe (Chrono Boost)  
  64  7:44  Probe (Chrono Boost)  
  67  7:51  Probe (Chrono Boost)  
  67  7:54  Probe (Chrono Boost)  
  67  7:55  Forge  
  68  8:02  Probe (Chrono Boost)  
  68  8:03  Photon Cannon  
  70  8:05  Probe (Chrono Boost)  
  70  8:08  Photon Cannon  
  70  8:39  Assimilator  
  70  8:45  Assimilator  
  70  8:47  Observer  
  70  9:04  Void Ray  
  70  9:07  Warp Prism  
  74  9:10  Gateway  
  74  9:13  Robotics Facility  
  74  9:15  Zealot  
  78  9:22  Zealot  
  80  9:25  Pylon  
  80  9:29  Stargate, Stalker  
  81  9:38  Stalker  
  77  9:40  Warp Prism  
  77  9:45  Stalker  
  81  9:53  Stalker  
  83  10:00  Warp Prism  
  83  10:03  Protoss Ground Weapons Level 2  
  83  10:04  Pylon  
  83  10:05  Stalker  
  87  10:07  Blink  
  87  10:10  Nexus  
  87  10:16  Zealot  
  87  10:18  Protoss Ground Armor Level 2  
  87  10:20  Observer  
  90  10:22  Void Ray  
  94  10:56  Protoss Air Weapons Level 1  
  94  11:25  Probe (Chrono Boost)  
  95  11:29  Probe (Chrono Boost)  
  95  11:31  Probe (Chrono Boost)  
  97  11:36  Probe (Chrono Boost)  
  98  11:43  Probe (Chrono Boost)  
  98  11:45  Assimilator  
  98  11:46  Probe (Chrono Boost)  
  101  11:47  Probe (Chrono Boost)  
  101  11:54  Probe (Chrono Boost)  
  102  11:55  Assimilator  
  102  11:58  Probe (Chrono Boost)  
  102  12:00  Probe (Chrono Boost)  
  104  12:05  Probe (Chrono Boost)  
  106  12:09  Probe (Chrono Boost)  
  106  12:11  Probe (Chrono Boost)  
  106  12:12  Stalker  
  101  12:16  Probe (Chrono Boost)  
  101  12:20  Probe (Chrono Boost)  
  101  12:21  Zealot  
  103  12:24  Probe (Chrono Boost)  
  103  12:28  Stalker  
  103  12:29  Probe (Chrono Boost)  
  107  12:33  Probe (Chrono Boost)  
  107  12:34  Resonating Glaives  
  107  12:35  Stalker  
  110  12:40  Protoss Shields Level 1  
  110  12:41  Stalker  
  112  12:47  Adept  
  112  12:48  Pylon  
  105  12:51  Observer  
  105  12:54  Observer  
  107  12:58  Adept  
  107  13:02  Adept  
  109  13:05  Sentry  
  109  13:06  Protoss Air Armor Level 1  
  109  13:10  Observer  
  111  13:16  Adept  
  102  13:20  Stalker  
  102  13:24  Adept  
  95  13:30  Zealot  
  95  13:36  Adept  
  95  13:39  Probe (Chrono Boost)  
  95  13:41  Adept  
  92  13:46  Probe (Chrono Boost)  
  92  13:47  Stalker  
  93  13:54  Sentry  
  93  13:59  Adept  
  93  14:04  Protoss Ground Weapons Level 3  
  93  14:05  Zealot  
  87  14:10  Adept  
  89  14:17  Stalker  
  89  14:23  Stalker  
  93  14:27  Stalker  
  93  14:29  Void Ray  
  95  14:33  Protoss Shields Level 2  
  95  14:35  Zealot  
  101  14:42  Adept  
  103  14:47  Adept  
  103  14:52  Zealot  
  103  14:53  Void Ray  
  107  15:03  Adept  
  107  15:13  Stalker  
  107  15:21  Stalker  
  101  15:25  Zealot  
  91  15:32  Zealot  
  81  15:41  Stalker  
  79  15:48  Sentry  
  79  15:55  Zealot  
  74  16:04  Warp Prism  
  74  16:10  Stalker  
  71  16:11  Observer  
  71  16:16  Zealot  
  71  16:17  Void Ray  
  74  16:19  Void Ray  
  74  16:27  Zealot  
  74  16:28  Nexus  
  74  16:31  Warp Prism  
  78  16:40  Immortal  
  78  16:42  Stalker  
  84  16:49  Stalker  
  86  16:55  Sentry  
  88  17:05  Stalker  
  88  17:06  Observer, Protoss Ground Armor Level 3  
  91  17:12  Stalker  
  93  17:20  Stalker  
  95  17:26  Pylon  
  95  17:27  Sentry  
  93  17:35  Sentry  
  95  17:43  Adept  
  91  17:51  Stalker  
  91  17:52  Pylon  
  91  17:57  Fleet Beacon  
  89  17:58  Stalker  
  91  18:05  Sentry  
  91  18:12  Zealot  
  95  18:13  Protoss Shields Level 3  
  95  18:19  Zealot  
  97  18:26  Pylon  
  97  18:27  Stalker  
  99  18:32  Robotics Bay  
  99  18:37  Tempest  
  99  18:40  Protoss Air Weapons Level 2  
  99  18:41  Pylon  
  99  18:42  Tempest  
  99  18:43  Assimilator  
  107  18:54  Photon Cannon  
  106  18:59  Photon Cannon  
  106  19:05  Photon Cannon  
  106  19:07  Assimilator  
  106  19:16  Observer Gravitic Boosters  
  106  19:19  Colossus  
  112  19:26  Carrier  
  118  19:34  Observer  
  119  19:48  Carrier  
  119  19:52  Colossus  
  131  20:09  Gravitic Drive  
  131  20:11  Graviton Catapult  
  131  20:44  Void Ray  
  131  20:47  Void Ray  
  131  20:54  Extended Thermal Lance  
  131  20:56  Sentry  
  131  21:02  Protoss Air Armor Level 2  
  131  21:12  Templar Archives  
  131  21:16  Stalker  
  131  21:24  Dark Shrine  
  131  22:46  Nexus  
  131  22:56  Void Ray  
  131  23:01  Zealot  
  131  23:05  Zealot  
  135  23:09  Zealot  
  137  23:13  Adept  
  137  23:14  Immortal  
Show
View Real Time Build Order
Export as new Build Order

A.I. 7 (Hard) Protoss - Winner!

Build Orders:  

Get SALT Encoding   

  12  0:01  Probe (Chrono Boost)  
  13  0:12  Probe (Chrono Boost)  
  14  0:20  Pylon  
  14  0:22  Probe (Chrono Boost)  
  15  0:38  Probe (Chrono Boost)  
  15  0:41  Gateway  
  16  0:48  Probe (Chrono Boost)  
  16  0:49  Assimilator  
  17  0:59  Probe (Chrono Boost)  
  17  1:03  Pylon  
  18  1:10  Probe (Chrono Boost)  
  19  1:24  Probe (Chrono Boost)  
  20  1:27  Zealot  
  22  1:33  Cybernetics Core  
  22  1:46  Gateway  
  22  1:49  Assimilator  
  22  2:06  Pylon, Stalker  
  24  2:22  Warp Gate  
  24  2:34  Stalker  
  26  2:44  Zealot  
  28  2:54  Pylon  
  28  3:03  Stalker  
  30  3:13  Stalker  
  32  3:26  Probe (Chrono Boost)  
  33  3:31  Stalker  
  35  3:37  Probe (Chrono Boost)  
  35  3:40  Pylon  
  36  3:42  Adept  
  39  3:48  Probe (Chrono Boost)  
  39  3:57  Forge  
  39  4:00  Probe (Chrono Boost), Adept  
  42  4:09  Stalker  
  42  4:11  Probe (Chrono Boost)  
  45  4:23  Probe (Chrono Boost)  
  46  6:03  Protoss Ground Weapons Level 1  
  46  6:08  Sentry  
  48  6:13  Gateway  
  48  6:18  Twilight Council  
  48  6:19  Nexus, Sentry  
  48  6:24  Robotics Facility  
  50  6:30  Pylon, Sentry  
  52  6:34  Photon Cannon  
  52  6:38  Photon Cannon  
  40  6:41  Stalker  
  40  6:42  Forge  
  42  6:52  Blink  
  42  6:53  Stalker  
  43  7:04  Stalker  
  41  7:10  Protoss Ground Armor Level 1  
  41  7:11  Observer  
  41  7:15  Stalker  
  42  7:25  Stalker  
  44  7:32  Observer  
  44  7:35  Probe (Chrono Boost)  
  47  7:37  Probe (Chrono Boost)  
  47  7:38  Adept  
  47  7:43  Assimilator  
  49  7:46  Pylon  
  49  7:47  Probe (Chrono Boost)  
  49  7:48  Pylon  
  49  7:49  Zealot  
  49  7:50  Assimilator  
  52  7:54  Probe (Chrono Boost)  
  52  7:58  Probe (Chrono Boost)  
  54  8:02  Stalker  
  57  8:06  Probe (Chrono Boost)  
  57  8:09  Probe (Chrono Boost)  
  57  8:12  Photon Cannon  
  58  8:15  Adept  
  58  8:17  Probe (Chrono Boost)  
  62  8:21  Probe (Chrono Boost)  
  62  8:26  Sentry  
  64  8:29  Probe (Chrono Boost)  
  64  8:31  Photon Cannon  
  64  8:32  Probe (Chrono Boost)  
  66  8:40  Probe (Chrono Boost)  
  67  8:42  Stargate  
  67  8:43  Probe (Chrono Boost)  
  68  8:51  Probe (Chrono Boost)  
  68  8:54  Probe (Chrono Boost)  
  70  9:02  Probe (Chrono Boost)  
  71  9:05  Probe (Chrono Boost)  
  72  9:11  Stalker  
  72  9:13  Probe (Chrono Boost)  
  72  9:17  Probe (Chrono Boost)  
  66  9:22  Zealot  
  50  9:24  Probe (Chrono Boost)  
  50  9:33  Stalker  
  52  9:44  Zealot  
  51  9:55  Sentry  
  51  10:02  Observer  
  51  10:06  Sentry  
  54  10:17  Stalker  
  56  10:28  Adept  
  54  10:39  Stalker  
  56  10:43  Warp Prism  
  56  10:44  Gateway  
  56  10:48  Zealot  
  60  10:53  Robotics Facility  
  60  10:54  Stalker  
  62  11:00  Stalker  
  64  11:07  Sentry  
  64  11:09  Pylon  
  66  11:13  Stargate  
  66  11:14  Void Ray  
  70  11:18  Observer  
  70  11:22  Zealot  
  73  11:29  Zealot  
  65  11:37  Warp Prism  
  65  11:38  Stalker  
  65  11:39  Warp Prism  
  66  11:44  Zealot  
  69  11:51  Zealot  
  71  11:58  Stalker  
  73  12:05  Stalker  
  73  12:07  Protoss Ground Weapons Level 2  
  75  12:13  Protoss Ground Armor Level 2, Observer x2  
  75  12:14  Stalker  
  79  12:21  Sentry  
  79  12:22  Protoss Air Weapons Level 1  
  81  12:25  Void Ray  
  81  12:26  Robotics Bay  
  85  12:50  Zealot  
  82  12:52  Observer  
  82  12:57  Zealot  
  79  13:04  Zealot  
  77  13:13  Stalker  
  77  13:15  Observer Gravitic Boosters  
  79  13:22  Zealot  
  79  13:29  Stalker  
  79  13:36  Sentry  
  81  13:45  Stalker  
  83  13:51  Stalker  
  83  13:53  Templar Archives  
  83  14:03  Zealot  
  85  14:10  Gravitic Drive  
  85  14:15  Protoss Air Armor Level 1  
  85  14:16  Protoss Shields Level 1  
  85  14:17  Zealot  
  81  14:32  High Templar  
  81  14:38  High Templar  
  81  14:46  Archon  
  81  14:49  Zealot  
  83  14:55  Immortal  
  87  15:01  High Templar  
  87  15:06  Adept  
  91  15:10  Immortal  
  95  15:14  Pylon  
  95  15:24  High Templar  
  97  15:44  Archon  
  96  15:52  High Templar  
  98  15:59  Pylon  
  96  16:22  High Templar  
  98  16:36  Observer  
  98  16:39  Adept  
  97  17:01  Observer  
  95  17:17  Zealot  
  95  17:24  Observer  
  95  17:26  Zealot  
  95  17:30  Disruptor  
  94  17:45  Stalker  
  90  17:52  Stalker  
  79  18:12  Zealot  
  81  18:22  High Templar  
  82  18:30  Stalker  
  82  18:36  Zealot  
  84  18:49  Sentry  
  68  19:11  Disruptor  
  71  20:12  Fleet Beacon  
  71  20:46  Carrier  
  77  21:27  Stalker x2  
  77  21:57  Zealot  
  77  22:05  Zealot  
Tags
 
Add a new tag
Caveats
  • Supply blocks, unpowered buildings, or Contaminate may cause inaccurate times.
  • Supply counts are checked every 10 seconds.